 Dungeon Crawl Stone Soup version 0.30-a0-852-g08b95dd62f (webtiles) character file.

Game seed: 8293330292568299269

2247 demibob the Carver (level 9, -2/69 HPs)
             Began as a Demonspawn Wanderer on Mar 4, 2023.
             Was a Believer of Kikubaaqudgha.
             Slain by an ogre
             ... wielding a +0 giant spiked club
              (9 damage)
             ... on level 7 of the Dungeon.
             The game lasted 00:08:29 (5047 turns).

demibob the Carver (Demonspawn Wanderer)            Turns: 5047, Time: 00:08:30

Health: -2/69      AC: 13    Str: 14    XL:     9   Next: 15%
Magic:  10/10      EV:  6    Int: 16    God:    Kikubaaqudgha [**....]
Gold:   429        SH:  4    Dex: 13    Spells: 9/10 levels left

rFire   . . .      SeeInvis +    a - +4 falchion (venom)
rCold   . . .      Faith    .    (no shield)
rNeg    . . .      Spirit   .    j - +0 chain mail
rPois   +          Reflect  .    (helmet unavailable)
rElec   .          Rampage  .    (no cloak)
rCorr   +                        g - +1 pair of gloves
Will    .....                    (no boots) Stlth
                                 (no amulet)
HPRegen 0.31/turn                P - ring of poison resistance
MPRegen 0.12/turn                R - ring of resist corrosion

@: no status effects
A: antennae 3, icy blue scales 1, foul stench 2, condensation shield
a: Renounce Religion, Unearth Wretches


You were on level 7 of the Dungeon.
You worshipped Kikubaaqudgha.
Kikubaaqudgha was pleased with you.
You visited 2 branches of the dungeon, and saw 8 of its levels.
You also visited: Sewer.

You collected 429 gold pieces.


Innate Abilities, Weirdness & Mutations

You have a pair of large antennae on your head. (SInv)
You are partially covered in icy blue scales. (AC +2)
You sometimes emit foul miasma when damaged in melee.
A meltable shield of frost defends you. (SH +4)


   Skills:
 + Level 5.9 Fighting
 * Level 8.6 Long Blades
 - Level 3.6 Armour
 - Level 1.0 Spellcasting
 - Level 1.0 Conjurations
 + Level 4.5 Necromancy
 - Level 1.2 Invocations
 - Level 2.0 Evocations


You had 9 spell levels left.
You knew the following spells:

 Your Spells              Type           Power      Damage    Failure   Level
X - Kiss of Death         Conj/Necr      36%        2d8       86%         1

Your spell library contained the following spells:

 Spells                   Type           Power      Damage    Failure   Level
 Necrotise                Necr           60%        1d7       63%         1
 Sublimation of Blood     Necr           15%        N/A       77%         2
 Vampiric Draining        Necr           15%        2d7       94%         3
 Hailstorm                Conj/Ice       2%         3d3       100%        3
 Airstrike                Air            0%         2d(0-16)  100%        4
 Summon Lightning Spire   Summ/Air       0%         N/A       100%        4
 Lightning Bolt           Conj/Air       1%         1d12      100%        5

Inventory:

Hand Weapons
 a - a +4 falchion of venom (weapon)
Armour
 g - a +1 pair of gloves (worn)
 j - a +0 chain mail (worn)
Jewellery
 P - a ring of poison resistance (left hand)
 R - a ring of resist corrosion (right hand)
Scrolls
 b - a scroll of blinking
 c - 3 scrolls of teleportation {@r2}
 k - a scroll of enchant armour
 o - 2 scrolls of fog
 r - 2 scrolls of poison
Potions
 e - a potion of degeneration {unknown}
 f - 2 potions of resistance
 h - a potion of might
 i - 5 potions of cancellation
 l - a potion of lignification {unknown}
 m - a potion of mutation {unknown}
 n - 2 potions of attraction {unknown}
 q - a potion of brilliance {unknown}

Dungeon Overview and Level Annotations

Branches:
Dungeon (7/15)             Temple (1/1) D:4           Sewer (visited)

Altars:
Cheibriados
Hepliaklqana
Kikubaaqudgha
Nemelex Xobeh
Trog
Uskayaw
Vehumet
Xom
Yredelemnul

<...### ..###
..z#### ..z.g.###
..##....###
.######z..##### ##
###.....##
###.....####
#......lO@.#
#.......###.......
#.......# ##.....
#..[.....# ....
##.......# ..#
#.......# ##
###...### ####


You could see an ogre (extremely poisoned) and an iguana.


Message History

You hit the scorpion.
The scorpion is poisoned.
The scorpion is lightly wounded.
You block the scorpion's attack.
You hit the scorpion but do no damage.
The scorpion looks as sick as possible!
The scorpion is moderately wounded.
The scorpion stings you but does no damage.
You barely miss the scorpion.
The scorpion is severely wounded.
You kill the scorpion!
Kikubaaqudgha accepts your kill.
Kikubaaqudgha is now protecting you from necromantic miscasts and death curses.
Your life force feels restored.
You completely miss the ogre. You block the ogre's attack.
You hit the ogre.
The ogre is poisoned.
The ogre is lightly wounded.
You barely miss the ogre.
The ogre is moderately wounded.
The ogre barely misses you.
The iguana hisses menacingly.
You slash the ogre!
The ogre looks as sick as possible!
The ogre is severely wounded.
The ogre hits you with a +0 giant spiked club!
* * * LOW HITPOINT WARNING * * *
You barely miss the ogre.
The ogre is severely wounded.
You hit the ogre.
The ogre looks as sick as possible!
The ogre is almost dead.
The ogre hits you with a +0 giant spiked club!
You die...
Kikubaaqudgha rasps: "You have failed me!
Welcome... death!"

Skill      XL: |  1  2  3  4  5  6  7  8 |
---------------+-------------------------+-----
Long Blades    | 2 3 4 5 6 8 |  8.6
Armour         | 1 2 3 |  3.6
Fighting       | 4 5 |  5.9
Necromancy     | 1 4 |  4.5
Spellcasting   | |  1.0
Conjurations   | |  1.0
Invocations    | |  1.2
Evocations     | |  2.0

Action                     |  1- 3 |  4- 6 |  7- 9 || total
---------------------------+-------+-------+-------++-------
  Melee: Falchion          |   106 |   127 |   201 ||   434
         Punch             |       |     1 |     3 ||     4
    Use: Scroll            |     4 |     7 |     2 ||    13
         Potion            |       |     5 |     8 ||    13
   Stab: Sleeping          |     1 |     1 |       ||     2
         Invisible         |       |     1 |       ||     1
 Armour: Robe              |    18 |     5 |       ||    23
         Chain mail        |       |    46 |   128 ||   174
  Dodge: Dodged            |    60 |    35 |    49 ||   144
  Block: Other             |    18 |    19 |    51 ||    88

Levels and vault maps discovered:
D:1:      minmay_arrival_plants_in_alcoves, layout_rooms, minmay_cut_off
D:2:      layout_basic
D:3:      cheibrodos_pilgrimage, layout_loops_cross, serial_glass,
          glass_columns_a, glass_columns_a, glass_columns_c, glass_columns_a,
          glass_columns_c, glass_columns_a, grunt_decor_arrowhead,
          hangedman_decor_opposing
D:4:      layout_rooms, tso_metal_star, chequers_temple_overflow_minitemple,
          minmay_temple_entry_junction, portal_sewer_entry_c, minmay_circle_x,
          uniq_grinder
D:5:      layout_cave_pools, yredelemnul_forgotten_temple_becter,
          hangedman_glass_teeth
D:6:      layout_loops_cross, old_standard_altar, uniq_sigmund
D:7:      layout_cave_pods, minmay_a_box_with_orc_wizards_in_it
Temple:   compressed_dpeg_triangle_lava_temple

Notes
Turn   | Place    | Note
-------+----------+-------------------------------------------
     0 | D:1      | demibob the Demonspawn Wanderer began the quest for the
                  | Orb.
     0 | D:1      | demibob set off with the following items: a +3 falchion, a
                  | scroll of blinking, a +0 robe; and the following spell
                  | memorised: Kiss of Death; and the following spells
                  | available to memorise: Hailstorm.
     0 | D:1      | Reached XP level 1. HP: 18/18 MP: 2/2
    35 | D:1      | Reached skill level 2 in Long Blades
   147 | D:1      | Gained mutation: You have a pair of small antennae on your
                  | head. [demonic ancestry]
   147 | D:1      | Reached XP level 2. HP: 24/24 MP: 3/3
   228 | D:1      | Reached skill level 3 in Long Blades
   321 | D:1      | Gained mutation: A meltable shield of frost defends you.
                  | (SH +4) [demonic ancestry]
   321 | D:1      | Reached XP level 3. HP: 27/29 MP: 4/4
   973 | D:2      | Gained mutation: You may rarely emit foul miasma when
                  | damaged in melee. [demonic ancestry]
   973 | D:2      | Reached XP level 4. HP: 35/35 MP: 5/5
  1029 | D:2      | Reached skill level 4 in Long Blades
  1664 | D:3      | Reached skill level 1 in Armour
  1664 | D:3      | Gained mutation: You have a pair of antennae on your head.
                  | [demonic ancestry]
  1664 | D:3      | Reached XP level 5. HP: 25/41 MP: 6/6
  2341 | D:3      | Reached skill level 2 in Armour
  2412 | D:4      | Noticed an ice beast
  2424 | D:4      | Killed an ice beast
  2425 | D:4      | Reached skill level 5 in Long Blades
  2425 | D:4      | Gained mutation: You are partially covered in icy blue
                  | scales. (AC +2) [demonic ancestry]
  2425 | D:4      | Reached XP level 6. HP: 33/47 MP: 7/7
  2492 | D:4      | Found a staircase to the Ecumenical Temple.
  2500 | Temple   | Entered the Ecumenical Temple
  2507 | Temple   | Became a worshipper of Kikubaaqudgha
  2535 | D:4      | Found a glowing drain.
  2545 | Sewer    | Entered a sewer
  2598 | Sewer    | Noticed a water moccasin
  2607 | Sewer    | Killed a water moccasin
  2674 | Sewer    | Identified 2 potions of resistance
  2731 | D:4      | Reached skill level 3 in Armour
  2741 | D:4      | Identified the +0 robe "Beyfoj" {Int+3}
  2752 | D:4      | Noticed Grinder
  2766 | D:4      | Paralysed by Grinder for 5 turns
  2775 | D:4      | Killed Grinder
  2776 | D:4      | Reached skill level 6 in Long Blades
  2776 | D:4      | Gained mutation: You have a pair of large antennae on your
                  | head. (SInv) [demonic ancestry]
  2776 | D:4      | Reached XP level 7. HP: 15/53 MP: 8/8
  3116 | D:4      | Reached skill level 4 in Fighting
  3121 | D:4      | Reached * piety under Kikubaaqudgha
  3121 | D:4      | Received a gift from Kikubaaqudgha
  3357 | D:4      | Found a faded altar of an unknown god.
  3364 | D:4      | Found a shimmering altar of Xom.
  3366 | D:4      | Found a radiant altar of Vehumet.
  3368 | D:4      | Found a faded altar of an unknown god.
  3430 | D:5      | Entered Level 5 of the Dungeon
  3443 | D:5      | Reached skill level 1 in Necromancy
  3575 | D:5      | Found a basalt altar of Yredelemnul.
  3723 | D:5      | Reached XP level 8. HP: 26/61 MP: 9/9
  4233 | D:6      | Noticed Sigmund
  4244 | D:6      | Killed Sigmund
  4245 | D:6      | Reached skill level 7 in Long Blades
  4245 | D:6      | Reached skill level 2 in Necromancy
  4421 | D:6      | Reached skill level 5 in Fighting
  4421 | D:6      | Found a hazy altar of Hepliaklqana.
  4425 | D:6      | Reached skill level 3 in Necromancy
  4961 | D:7      | Reached skill level 8 in Long Blades
  4984 | D:7      | Reached skill level 4 in Necromancy
  5010 | D:7      | Gained mutation: You sometimes emit foul miasma when
                  | damaged in melee. [demonic ancestry]
  5010 | D:7      | Reached XP level 9. HP: 20/69 MP: 10/10
  5041 | D:7      | Reached ** piety under Kikubaaqudgha
  5045 | D:7      | HP: 6/69 [ogre/+0 giant spiked club (15)]
  5047 | D:7      | Slain by an ogre

Vanquished Creatures
  Grinder (D:4)
  Sigmund (D:6)
  A water moccasin (Sewer)
  3 ice beasts
  A black bear (D:6)
  2 ogres
  3 centaurs
  A bullfrog (D:7)
  3 scorpions
  3 wights (D:7)
  A howler monkey (D:4)
  A gnoll bouda (D:7)
  3 jellies
  3 orc priests
  A hound (D:6)
  2 iguanas (D:5)
  An orc wizard (D:3)
  5 gnolls
  6 adders
  A river rat (D:4)
  4 white imps
  2 ufetubi
  7 dart slugs
  5 orcs
  6 endoplasms
  2 giant cockroaches
  3 goblins
  9 hobgoblins
  11 jackals
  4 quokkas
  5 ball pythons
  4 bats
  3 frilled lizards
  9 kobolds
  15 rats
  A spectral orc (D:5)
133 creatures vanquished.

Table legend: (Time is in decaauts)
 A = Elapsed time spent in this place.
 B = Non-inter-level travel time spent in this place.
 C = Inter-level travel time spent in this place.
 D = Time resting spent in this place.
 E = Time spent auto-exploring this place.
 F = Levels seen in this place.
 G = Mean time per level.
                   A        B        C        D        E       F      G
               +--------+--------+--------+--------+--------+-----+--------+
         Total |   5065 |   4919 |    146 |    395 |   3556 |   9 |  562.8 |
       Dungeon |   4908 |   4768 |    140 |    395 |   3456 |   7 |  701.1 |
        Temple |     13 |      7 |      6 |      0 |      0 |   1 |   13.0 |
         Sewer |    143 |    143 |      0 |      0 |     99 |   1 |  143.0 |
               +--------+--------+--------+--------+--------+-----+--------+

Top non-repeatable levels by time:
     D:4: 876 daAuts
     D:1: 856 daAuts
     D:2: 788 daAuts
     D:3: 784 daAuts
     D:5: 766 daAuts
     D:6: 732 daAuts
   Sewer: 143 daAuts
     D:7: 103 daAuts
  Temple: 13 daAuts

Table legend:
 A = Non-vault XP
 B = Vault XP
 C = Vault XP percentage of total XP
 D = Non-vault monster count
 E = Vault monster count
 F = Vault count percentage of total count
                 A         B        C        D         E       F
            +---------+---------+-------+---------+---------+-------
      Total |    2214 |     996 |  31.0 |     106 |      27 |  20.3
            +---------+---------+-------+---------+---------+-------
        D:1 |      83 |       7 |   7.8 |      31 |       4 |  11.4
        D:2 |      67 |       0 |   0.0 |      18 |       0 |   0.0
        D:3 |      29 |     123 |  80.9 |      11 |       5 |  31.2
        D:4 |     172 |     486 |  73.9 |      13 |      12 |  48.0
        D:5 |     336 |       1 |   0.3 |      12 |       1 |   7.7
        D:6 |     530 |     226 |  29.9 |       8 |       1 |  11.1
        D:7 |     997 |       0 |   0.0 |      13 |       0 |   0.0
      Sewer |       0 |     153 | 100.0 |       0 |       4 | 100.0
            +---------+---------+-------+---------+---------+-------
